WCHLSIM.com - West Coast Hockey League
html PUBLIC "-//W3C//DTD XHTML 1.0 Transitional//EN" "http://www.w3.org/TR/xhtml1/DTD/xhtml1-transitional.dtd"> WCHL - Game 552 - ANCHORAGE ACES vs SAN FRANCISCO SPIDERS

ANCHORAGE ACES vs SAN FRANCISCO SPIDERS

Created - 7 janvier 2023 at 11:04

Goals
1 2 3 T
ANCHORAGE ACES 1 3 0 4
SAN FRANCISCO SPIDERS 1 1 0 2
Shots
1 2 3 T
ANCHORAGE ACES 18 15 11 44
SAN FRANCISCO SPIDERS 5 9 14 28

1st period

1. SAN FRANCISCO SPIDERS , Alexander Kerfoot 3 (Zach Hyman 13, Viktor Arvidsson 20) at 9:46
2. ANCHORAGE ACES , Nathan MacKinnon 23 (Phillip Danault 13, Seth Jones 12) at 19:23 (PP)

Penalties :
Alexander Kerfoot (SAF) for Hooking (Minor) at 18:01

2nd period

3. ANCHORAGE ACES , Joshua Norris 13 (Jonathan Audy-Marchessault 31, Seth Jones 13) at 1:22
4. SAN FRANCISCO SPIDERS , Viktor Arvidsson 7 (Sean Durzi 6) at 3:21
5. ANCHORAGE ACES , Jonathan Audy-Marchessault 15 (Ryan Pulock 5) at 4:20
6. ANCHORAGE ACES , Chris Kreider 18 (Jonathan Audy-Marchessault 32) at 19:15

Penalties :
No Penalty

3rd period

No Goal

Penalties :
No Penalty

Goalie Stats

Darcy Kuemper (ANC), 26 saves from 28 shots - (0,929), W, 23-3-2, 60:00 minutes
Igor Shesterkin (SAF), 40 saves from 44 shots - (0,909), L, 15-10-1, 60:00 minutes

Players Stats for ANCHORAGE ACES

Player Name              G  A  P  +/- PIM S  H  SB GA TA FO     MP     PP MP  PK MP  
------------------------------------------------------------------------------------
Ben Chiarot              0  0  0   1  0   1  4  2  0  0  0/0    20:45   0:00   0:00 
Brad Richardson          0  0  0   0  0   0  0  0  0  0  0/0     5:44   0:00   0:00 
Casey Cizikas            0  0  0   0  0   1  1  0  0  0  2/7     5:44   0:00   0:00 
Chris Kreider            1  0  1   3  0   2  1  1  0  0  3/3    18:54   0:18   0:00 
Connor McDavid           0  0  0  -2  0   5  3  0  0  0  18/30  22:04   1:04   0:00 
Conor Sheary             0  0  0   0  0   0  1  0  0  0  0/1    13:18   0:00   0:00 
Dominik Simon            0  0  0   0  0   1  0  0  0  0  1/1     5:44   0:00   0:00 
Erik Haula               0  0  0   0  0   2  1  1  0  0  0/0    13:18   0:00   0:00 
Jakob Chychrun           0  0  0   0  0   0  0  3  0  0  0/0    19:24   1:04   0:00 
Jani Hakanpaa            0  0  0  -1  0   0  3  1  0  0  0/0    24:18   1:04   0:00 
Jonathan Audy-Marchessau 1  2  3   3  0   6  1  0  0  0  1/1    19:40   1:04   0:00 
Joshua Norris            1  0  1   3  0   9  1  0  0  0  12/21  18:54   0:18   0:00 
Nathan MacKinnon         1  0  1  -2  0   6  2  0  0  0  2/2    21:18   0:18   0:00 
Nikolaj Ehlers           0  0  0  -2  0   5  2  1  0  0  0/0    22:04   1:04   0:00 
Phillip Danault          0  1  1   0  0   3  2  1  0  0  10/16  13:36   0:18   0:00 
Robert Bortuzzo          0  0  0   0  0   0  2  1  0  0  0/0    19:33   0:00   0:00 
Ryan Pulock              0  1  1   1  0   1  0  0  0  0  0/0    14:39   0:00   0:00 
Seth Jones               0  2  2   1  0   2  0  0  0  0  0/0    21:03   0:18   0:00 

Players Stats for SAN FRANCISCO SPIDERS

Player Name              G  A  P  +/- PIM S  H  SB GA TA FO     MP     PP MP  PK MP  
------------------------------------------------------------------------------------
Adam Larsson             0  0  0  -1  0   0  1  0  0  0  0/0    22:22   0:00   0:59 
Alexander Kerfoot        1  0  1   1  2   2  1  0  0  0  1/1    20:24   0:00   0:00 
Andrei Svechnikov        0  0  0  -1  0   2  1  1  0  0  1/3    20:08   0:00   0:53 
Bo Horvat                0  0  0   0  0   2  0  0  0  0  3/6     6:04   0:00   0:00 
Brenden Dillon           0  0  0   1  0   0  8  2  0  0  0/0    21:31   0:00   0:29 
Connor McMichael         0  0  0  -1  0   1  0  0  0  0  4/13   13:18   0:00   0:00 
Eeli Tolvanen            0  0  0  -1  0   1  0  0  0  0  0/0    13:18   0:00   0:00 
Erik Gudbranson          0  0  0   1  0   1  3  1  0  0  0/0    21:11   0:00   0:09 
Jared McCann             0  0  0  -1  0   3  0  0  0  0  11/23  18:42   0:00   0:29 
Kirby Dach               0  0  0   0  0   0  0  0  0  0  0/3     8:43   0:00   0:53 
Michael Anderson         0  0  0  -1  0   0  2  2  0  0  0/0    17:06   0:00   0:53 
Sean Durzi               0  1  1  -1  0   1  2  1  0  0  0/0    21:37   0:00   0:14 
Sean Walker              0  0  0  -1  0   0  1  3  0  0  0/0    16:13   0:00   0:00 
Trent Frederic           0  0  0   0  0   1  1  0  0  0  0/2     7:12   0:00   0:00 
Trevor Moore             0  0  0  -1  0   4  0  0  0  0  2/3    19:15   0:00   0:00 
Viktor Arvidsson         1  1  2   1  0   3  0  0  0  0  0/4    18:53   0:00   0:00 
Zach Hyman               0  1  1   1  0   7  1  1  0  0  11/24  19:22   0:00   0:29 
Zack Kassian             0  0  0  -1  0   0  0  0  0  0  0/0    13:18   0:00   0:00 

3 Stars

1 - Jonathan Audy-Marchessault (ANC)
2 - Chris Kreider (ANC)
3 - Joshua Norris (ANC)

Power Play

ANCHORAGE ACES - 1 on 1 Attempt(s) - 100,00%
SAN FRANCISCO SPIDERS - 0 on 0 Attempt(s) - 0,00%

Penalty Kill

ANCHORAGE ACES - 0 on 0 Attempt(s) - 0,00% - Score 0 goal in Penalty Kill
SAN FRANCISCO SPIDERS - 0 on 1 Attempt(s) - 0,00% - Score 0 goal in Penalty Kill

Team Stat

ANCHORAGE ACES - Hits : 24 - Faceoff Wins : 49 - Blocked Shots : 11 - Penalty Minutes : 0
SAN FRANCISCO SPIDERS - Hits : 21 - Faceoff Wins : 33 - Blocked Shots : 11 - Penalty Minutes : 2

Official

Referees : Michael Markovic and Reid Anderson
Linesman : Bevan Mills and Brendan Lewis

Game Notes

Bo Horvat is injured at 17:03 of 1st period (Groin)

Finance

Level 1 -- Attendance: 6105 (100,00%) -- Ticket Income 915 750 $
Level 2 -- Attendance: 5180 (100,00%) -- Ticket Income 518 000 $
Level 3 -- Attendance: 2035 (100,00%) -- Ticket Income 162 800 $
Level 4 -- Attendance: 4180 (100,00%) -- Ticket Income 250 800 $
Luxury Box -- Attendance: 863 (86,30%) -- Ticket Income 258 900 $
Game was played at the Bay Area Sports Center.
Total Attendance: 18363 (99,26%)
Total Ticket Income: 2 106 250 $
Other Expense: 21 062 $
Total Income: 2 085 188 $

ANCHORAGE ACES

5 vs 5 Forward 
   Center                   Left Wing                Right Wing               Time % Phy DF OF 
 1 Connor McDavid           Nikolaj Ehlers           Nathan MacKinnon         36     0   1  4  
 2 Joshua Norris            Chris Kreider            Jonathan Audy-Marchessaul31     0   2  3  
 3 Phillip Danault          Erik Haula               Conor Sheary             23     0   2  3  
 4 Casey Cizikas            Dominik Simon            Brad Richardson          10     1   2  2  

5 vs 5 Defense 
   Defense                  Defense                                           Time % Phy DF OF 
 1 Seth Jones               Ben Chiarot                                       33     1   2  2  
 2 Jani Hakanpaa            Jakob Chychrun                                    33     1   2  2  
 3 Robert Bortuzzo          Ryan Pulock                                       21     1   2  2  
 4 Robert Bortuzzo          Jani Hakanpaa                                     13     1   2  2  

PowerPlay Forward 
   Center                   Left Wing                Right Wing               Time % Phy DF OF 
 1 Connor McDavid           Nikolaj Ehlers           Jonathan Audy-Marchessaul55     0   0  5  
 2 Joshua Norris            Chris Kreider            Phillip Danault          45     0   1  4  

PowerPlay Defense
   Defense                  Defense                                           Time % Phy DF OF 
 1 Seth Jones               Nathan MacKinnon                                  50     1   2  2  
 2 Jakob Chychrun           Jani Hakanpaa                                     50     1   2  2  

Penalty Kill 4 Players Forward 
   Center                   Wing                     Time % Phy DF OF 
 1 Phillip Danault          Dominik Simon            50     1   2  2  
 2 Erik Haula               Chris Kreider            50     1   2  2  

Penalty Kill 4 Players Defense
   Defense                  Defense                  Time % Phy DF OF 
 1 Ben Chiarot              Ryan Pulock              50     1   2  2  
 2 Jakob Chychrun           Jani Hakanpaa            50     1   2  2  

Penalty Kill - 3 Players Forward 
   Forward                                           Time % Phy DF OF 
 1 Phillip Danault                                   55     1   2  2  
 2 Erik Haula                                        45     1   2  2  

Penalty Kill - 3 Players Defense
   Defense                  Defense                  Time % Phy DF OF 
 1 Jakob Chychrun           Seth Jones               55     1   2  2  
 2 Robert Bortuzzo          Jani Hakanpaa            45     1   2  2  

4 vs 4 Forward 
   Center                   Wing                     Time % Phy DF OF 
 1 Connor McDavid           Phillip Danault          50     1   2  2  
 2 Joshua Norris            Nathan MacKinnon         50     1   2  2  

4 vs 4 Defense
   Defense                  Defense                  Time % Phy DF OF 
 1 Seth Jones               Ben Chiarot              55     1   2  2  
 2 Ryan Pulock              Jani Hakanpaa            45     1   2  2  

Last Minutes Offensive
   Center                   Left Wing                Right Wing               Defense                  Defense                  
   Nathan MacKinnon         Connor McDavid           Chris Kreider            Seth Jones               Ben Chiarot              

Last Minutes Defensive
   Center                   Left Wing                Right Wing               Defense                  Defense                  
   Nathan MacKinnon         Connor McDavid           Chris Kreider            Seth Jones               Ben Chiarot              

Goaltenders
Starting : Darcy Kuemper            
Backup : Brian Elliott            

Extra Forwards
Normal : Nikolaj Ehlers, Nathan MacKinnon, Connor McDavid - PP : Chris Kreider, Jonathan Audy-Marchessault - PK : Nikolaj Ehlers
Extra Defensemen
Normal : Ben Chiarot, Seth Jones, Robert Bortuzzo - PP : Ben Chiarot - PK : Jakob Chychrun, Seth Jones
Penalty Shots
Connor McDavid, Nathan MacKinnon, Chris Kreider, Jonathan Audy-Marchessault, Joshua Norris
Custom OT Lines Forwards
Nathan MacKinnon, Chris Kreider, Connor McDavid, Jonathan Audy-Marchessault, Joshua Norris, Nikolaj Ehlers, Phillip Danault, Conor Sheary, Erik Haula, Casey Cizikas
Custom OT Lines Defensemen
Ben Chiarot, Seth Jones, Jakob Chychrun, Robert Bortuzzo, Jani Hakanpaa

Scratches
Andrew Ladd (Left Eye Injury), Jordie Benn (Healthy)

SAN FRANCISCO SPIDERS

5 vs 5 Forward 
   Center                   Left Wing                Right Wing               Time % Phy DF OF 
 1 Bo Horvat                Andrei Svechnikov        Trevor Moore             40     0   1  4  
 2 Zach Hyman               Alexander Kerfoot        Viktor Arvidsson         40     0   1  4  
 3 Jared McCann             Kirby Dach               Trent Frederic           15     0   3  2  
 4 Connor McMichael         Eeli Tolvanen            Zack Kassian             5      1   4  0  

5 vs 5 Defense 
   Defense                  Defense                                           Time % Phy DF OF 
 1 Erik Gudbranson          Brenden Dillon                                    40     0   4  1  
 2 Adam Larsson             Sean Durzi                                        40     0   4  1  
 3 Michael Anderson         Sean Walker                                       20     0   5  0  
 4 Adam Larsson             Erik Gudbranson                                   0      0   4  1  

PowerPlay Forward 
   Center                   Left Wing                Right Wing               Time % Phy DF OF 
 1 Bo Horvat                Jared McCann             Viktor Arvidsson         50     0   1  4  
 2 Zach Hyman               Andrei Svechnikov        Trevor Moore             50     0   1  4  

PowerPlay Defense
   Defense                  Defense                                           Time % Phy DF OF 
 1 Erik Gudbranson          Adam Larsson                                      50     0   3  2  
 2 Brenden Dillon           Sean Durzi                                        50     0   3  2  

Penalty Kill 4 Players Forward 
   Center                   Wing                     Time % Phy DF OF 
 1 Zach Hyman               Jared McCann             50     0   5  0  
 2 Andrei Svechnikov        Bo Horvat                50     0   5  0  

Penalty Kill 4 Players Defense
   Defense                  Defense                  Time % Phy DF OF 
 1 Michael Anderson         Adam Larsson             50     0   5  0  
 2 Brenden Dillon           Erik Gudbranson          50     0   5  0  

Penalty Kill - 3 Players Forward 
   Forward                                           Time % Phy DF OF 
 1 Andrei Svechnikov                                 55     0   5  0  
 2 Bo Horvat                                         45     0   5  0  

Penalty Kill - 3 Players Defense
   Defense                  Defense                  Time % Phy DF OF 
 1 Michael Anderson         Adam Larsson             50     0   5  0  
 2 Brenden Dillon           Erik Gudbranson          50     0   5  0  

4 vs 4 Forward 
   Center                   Wing                     Time % Phy DF OF 
 1 Jared McCann             Zach Hyman               55     0   2  3  
 2 Andrei Svechnikov        Bo Horvat                45     0   2  3  

4 vs 4 Defense
   Defense                  Defense                  Time % Phy DF OF 
 1 Michael Anderson         Adam Larsson             55     0   4  1  
 2 Brenden Dillon           Erik Gudbranson          45     0   4  1  

Last Minutes Offensive
   Center                   Left Wing                Right Wing               Defense                  Defense                  
   Bo Horvat                Viktor Arvidsson         Andrei Svechnikov        Sean Walker              Adam Larsson             

Last Minutes Defensive
   Center                   Left Wing                Right Wing               Defense                  Defense                  
   Bo Horvat                Viktor Arvidsson         Andrei Svechnikov        Sean Walker              Adam Larsson             

Goaltenders
Starting : Igor Shesterkin          
Backup : Scott Wedgewood          

Extra Forwards
Normal : Jared McCann, Alexander Kerfoot, Kirby Dach - PP : Jared McCann, Alexander Kerfoot - PK : Kirby Dach
Extra Defensemen
Normal : Adam Larsson, Sean Durzi, Brenden Dillon - PP : Michael Anderson - PK : Adam Larsson, Brenden Dillon
Penalty Shots
Jared McCann, Viktor Arvidsson, Andrei Svechnikov, Bo Horvat, Zach Hyman
Custom OT Lines Forwards
Zack Kassian, Viktor Arvidsson, Andrei Svechnikov, Bo Horvat, Zach Hyman, Trevor Moore, Jared McCann, Alexander Kerfoot, Kirby Dach, Eeli Tolvanen
Custom OT Lines Defensemen
Sean Durzi, Adam Larsson, Brenden Dillon, Erik Gudbranson, Michael Anderson

Scratches
Darnell Nurse (Fractured Right Foot Injury), Mark Stone (Right Leg Injury)

% Time on Ice - ANCHORAGE ACES

Lines # - Real PCT - Wanted PCT - Time Play
Normal Forward
1 - 36% - 36% - 21:00
2 - 32% - 31% - 18:36
3 - 23% - 23% - 13:18
4 - 10% - 10% - 5:44
Normal Defense
1 - 35% - 33% - 20:45
2 - 31% - 33% - 18:20
3 - 25% - 21% - 14:39
4 - 8% - 13% - 4:54
PP Forward
1 - 78% - 55% - 1:04
2 - 22% - 45% - 0:18
PP Defense
1 - 22% - 50% - 0:18
2 - 78% - 50% - 1:04
PK Forward
1 - 0% - 50%
2 - 0% - 50%
PK Defense
1 - 0% - 50%
2 - 0% - 50%
PK3 Forward
1 - 0% - 55%
2 - 0% - 45%
PK3 Defense
1 - 0% - 55%
2 - 0% - 45%
44 Forward
1 - 0% - 50%
2 - 0% - 50%
44 Defense
1 - 0% - 55%
2 - 0% - 45%
Last Minute Offensive  - 0:00
Last Minute Defensive  - 0:00
Total
Forward - 60:00
Defense - 60:00

% Time on Ice - SAN FRANCISCO SPIDERS

Lines # - Real PCT - Wanted PCT - Time Play
Normal Forward
1 - 33% - 40% - 19:15
2 - 32% - 40% - 18:53
3 - 12% - 15% - 7:12
4 - 23% - 5% - 13:18
Normal Defense
1 - 36% - 40% - 21:02
2 - 36% - 40% - 21:23
3 - 28% - 20% - 16:13
4 - 0% - 0% - 0:00
PP Forward
1 - 0% - 50%
2 - 0% - 50%
PP Defense
1 - 0% - 50%
2 - 0% - 50%
PK Forward
1 - 35% - 50% - 0:29
2 - 65% - 50% - 0:53
PK Defense
1 - 89% - 50% - 1:13
2 - 11% - 50% - 0:09
PK3 Forward
1 - 0% - 55%
2 - 0% - 45%
PK3 Defense
1 - 0% - 50%
2 - 0% - 50%
44 Forward
1 - 0% - 55%
2 - 0% - 45%
44 Defense
1 - 0% - 55%
2 - 0% - 45%
Last Minute Offensive  - 0:00
Last Minute Defensive  - 0:00
Total
Forward - 60:00
Defense - 60:00

Play-by-Play

1st period


0:01 of 1st period - Bo Horvat wins face-off versus Connor McDavid in neutral zone.
0:33 of 1st period - Shot by Andrei Svechnikov.
0:33 of 1st period - Shot Misses the Net.
1:17 of 1st period - Shot by Joshua Norris.
1:17 of 1st period - Stopped by Igor Shesterkin without a rebound.
1:18 of 1st period - Phillip Danault wins face-off versus Zach Hyman in SAN FRANCISCO SPIDERS zone.
1:18 of 1st period - Phillip Danault is hit by Sean Durzi.
1:28 of 1st period - Shot by Phillip Danault.
1:28 of 1st period - Stopped by Igor Shesterkin without a rebound.
1:29 of 1st period - Chris Kreider wins face-off versus Viktor Arvidsson in SAN FRANCISCO SPIDERS zone.
1:33 of 1st period - Joshua Norris is hit by Sean Durzi.
1:47 of 1st period - Shot by Zach Hyman.
1:47 of 1st period - Shot Misses the Net.
1:49 of 1st period - Shot by Viktor Arvidsson.
1:49 of 1st period - Shot Misses the Net.
2:01 of 1st period - Shot by Zach Hyman.
2:01 of 1st period - Stopped by Darcy Kuemper with a rebound.
2:03 of 1st period - Shot by Adam Larsson.
2:03 of 1st period - Shot Misses the Net.
2:05 of 1st period - Shot by Zach Hyman.
2:05 of 1st period - Shot Misses the Net.
2:07 of 1st period - Shot by Zach Hyman.
2:07 of 1st period - Shot Misses the Net.
2:39 of 1st period - Shot by Trent Frederic.
2:39 of 1st period - Shot Blocked by Erik Haula.
2:53 of 1st period - Shot by Phillip Danault.
2:53 of 1st period - Shot Misses the Net.
3:24 of 1st period - Shot by Dominik Simon.
3:24 of 1st period - Shot Blocked by Sean Walker.
3:34 of 1st period - Shot by Dominik Simon.
3:34 of 1st period - Shot Blocked by Sean Walker.
3:36 of 1st period - Shot by Seth Jones.
3:36 of 1st period - Stopped by Igor Shesterkin with a rebound.
3:53 of 1st period - Dominik Simon is hit by Sean Walker and loses puck.
4:22 of 1st period - Zach Hyman is hit by Connor McDavid and loses puck.
4:30 of 1st period - Icing by Adam Larsson.
4:31 of 1st period - Zach Hyman wins face-off versus Joshua Norris in SAN FRANCISCO SPIDERS zone.
4:31 of 1st period - Zach Hyman is hit by Chris Kreider.
4:36 of 1st period - Viktor Arvidsson is hit by Robert Bortuzzo.
5:06 of 1st period - Icing by Robert Bortuzzo.
5:07 of 1st period - Joshua Norris wins face-off versus Bo Horvat in ANCHORAGE ACES zone.
5:12 of 1st period - Erik Gudbranson is hit by Jonathan Audy-Marchessault and loses puck.
5:21 of 1st period - Shot by Joshua Norris.
5:21 of 1st period - Stopped by Igor Shesterkin without a rebound.
5:22 of 1st period - Connor McDavid wins face-off versus Connor McMichael in SAN FRANCISCO SPIDERS zone.
6:11 of 1st period - Shot by Connor McDavid.
6:11 of 1st period - Stopped by Igor Shesterkin without a rebound.
6:12 of 1st period - Andrei Svechnikov wins face-off versus Conor Sheary in SAN FRANCISCO SPIDERS zone.
6:12 of 1st period - Andrei Svechnikov is hit by Conor Sheary.
6:15 of 1st period - Trevor Moore is hit by Phillip Danault.
6:43 of 1st period - Shot by Bo Horvat.
6:43 of 1st period - Stopped by Darcy Kuemper without a rebound.
6:44 of 1st period - Joshua Norris wins face-off versus Viktor Arvidsson in ANCHORAGE ACES zone.
7:07 of 1st period - Shot by Chris Kreider.
7:07 of 1st period - Stopped by Igor Shesterkin with a rebound.
7:15 of 1st period - Shot by Joshua Norris.
7:15 of 1st period - Stopped by Igor Shesterkin without a rebound.
7:16 of 1st period - Connor McDavid wins face-off versus Bo Horvat in SAN FRANCISCO SPIDERS zone.
7:41 of 1st period - Shot by Nikolaj Ehlers.
7:41 of 1st period - Shot Misses the Net.
7:43 of 1st period - Shot by Ben Chiarot.
7:43 of 1st period - Stopped by Igor Shesterkin without a rebound.
7:44 of 1st period - Zach Hyman wins face-off versus Phillip Danault in SAN FRANCISCO SPIDERS zone.
7:44 of 1st period - Zach Hyman is hit by Erik Haula.
7:47 of 1st period - Viktor Arvidsson is hit by Phillip Danault and loses puck.
8:03 of 1st period - Viktor Arvidsson is hit by Jani Hakanpaa and loses puck.
8:08 of 1st period - Shot by Zach Hyman.
8:08 of 1st period - Shot Misses the Net.
8:10 of 1st period - Shot by Viktor Arvidsson.
8:10 of 1st period - Stopped by Darcy Kuemper without a rebound.
8:11 of 1st period - Bo Horvat wins face-off versus Casey Cizikas in ANCHORAGE ACES zone.
8:45 of 1st period - Shot by Andrei Svechnikov.
8:45 of 1st period - Shot Misses the Net.
9:44 of 1st period - Shot by Zach Hyman.
9:44 of 1st period - Shot Misses the Net.
9:46 of 1st period - Shot by Alexander Kerfoot.
9:46 of 1st period - Goal by Alexander Kerfoot - ANCHORAGE ACES : 0 - SAN FRANCISCO SPIDERS : 1.
9:47 of 1st period - Joshua Norris wins face-off versus Connor McMichael in neutral zone.
9:51 of 1st period - Icing by Michael Anderson.
9:52 of 1st period - Joshua Norris wins face-off versus Connor McMichael in SAN FRANCISCO SPIDERS zone.
9:57 of 1st period - Shot by Joshua Norris.
9:57 of 1st period - Shot Misses the Net.
10:03 of 1st period - Shot by Joshua Norris.
10:03 of 1st period - Stopped by Igor Shesterkin with a rebound.
10:09 of 1st period - Shot by Chris Kreider.
10:09 of 1st period - Shot Misses the Net.
10:11 of 1st period - Shot by Ben Chiarot.
10:11 of 1st period - Shot Blocked by Sean Walker.
10:13 of 1st period - Shot by Ben Chiarot.
10:13 of 1st period - Shot Misses the Net.
10:15 of 1st period - Shot by Joshua Norris.
10:15 of 1st period - Stopped by Igor Shesterkin without a rebound.
10:16 of 1st period - Phillip Danault wins face-off versus Zach Hyman in SAN FRANCISCO SPIDERS zone.
10:37 of 1st period - Shot by Phillip Danault.
10:37 of 1st period - Stopped by Igor Shesterkin with a rebound.
10:39 of 1st period - Shot by Erik Haula.
10:39 of 1st period - Stopped by Igor Shesterkin without a rebound.
10:40 of 1st period - Bo Horvat wins face-off versus Joshua Norris in SAN FRANCISCO SPIDERS zone.
10:47 of 1st period - Sean Durzi is hit by Robert Bortuzzo and loses puck.
11:25 of 1st period - Shot by Bo Horvat.
11:25 of 1st period - Stopped by Darcy Kuemper with a rebound.
11:36 of 1st period - Jonathan Audy-Marchessault is hit by Alexander Kerfoot and loses puck.
11:50 of 1st period - Zach Hyman is hit by Joshua Norris and loses puck.
12:27 of 1st period - Shot by Nikolaj Ehlers.
12:27 of 1st period - Shot Misses the Net.
12:29 of 1st period - Shot by Connor McDavid.
12:29 of 1st period - Shot Blocked by Erik Gudbranson.
12:34 of 1st period - Nathan MacKinnon is hit by Erik Gudbranson and loses puck.
12:40 of 1st period - Connor McDavid is hit by Erik Gudbranson and loses puck.
12:51 of 1st period - Shot by Nathan MacKinnon.
12:51 of 1st period - Shot Misses the Net.
12:53 of 1st period - Shot by Nathan MacKinnon.
12:53 of 1st period - Stopped by Igor Shesterkin without a rebound.
12:54 of 1st period - Phillip Danault wins face-off versus Jared McCann in SAN FRANCISCO SPIDERS zone.
13:14 of 1st period - Jared McCann is hit by Ben Chiarot and loses puck.
14:49 of 1st period - Shot by Connor McDavid.
14:49 of 1st period - Stopped by Igor Shesterkin with a rebound.
14:51 of 1st period - Shot by Connor McDavid.
14:51 of 1st period - Shot Misses the Net.
15:29 of 1st period - Shot by Ryan Pulock.
15:29 of 1st period - Stopped by Igor Shesterkin with a rebound.
15:54 of 1st period - Icing by Connor McMichael.
15:55 of 1st period - Connor McMichael wins face-off versus Casey Cizikas in SAN FRANCISCO SPIDERS zone.
16:20 of 1st period - Shot by Casey Cizikas.
16:20 of 1st period - Stopped by Igor Shesterkin with a rebound.
16:22 of 1st period - Shot by Casey Cizikas.
16:22 of 1st period - Deflect By Dominik Simon.
16:22 of 1st period - Stopped by Igor Shesterkin without a rebound.
16:23 of 1st period - Connor McDavid wins face-off versus Bo Horvat in SAN FRANCISCO SPIDERS zone.
17:02 of 1st period - Bo Horvat is hit by Nathan MacKinnon and loses puck.
17:03 of 1st period - Bo Horvat from SAN FRANCISCO SPIDERS is injured at 17:03 of 1st period (Groin).
17:04 of 1st period - Phillip Danault wins face-off versus Zach Hyman in SAN FRANCISCO SPIDERS zone.
18:01 of 1st period - Minor Penalty to Alexander Kerfoot for Hooking.
18:02 of 1st period - Jonathan Audy-Marchessault wins face-off versus Andrei Svechnikov in SAN FRANCISCO SPIDERS zone.
18:03 of 1st period - Shot by Connor McDavid.
18:03 of 1st period - Shot Misses the Net.
19:00 of 1st period - Brenden Dillon is hit by Nikolaj Ehlers and loses puck.
19:23 of 1st period - Shot by Nathan MacKinnon.
19:23 of 1st period - Goal by Nathan MacKinnon - ANCHORAGE ACES : 1 - SAN FRANCISCO SPIDERS : 1.
19:24 of 1st period - Casey Cizikas wins face-off versus Connor McMichael in neutral zone.
19:27 of 1st period - Sean Durzi is hit by Casey Cizikas and loses puck.
Goals for this period are 1 for ANCHORAGE ACES vs 1 for SAN FRANCISCO SPIDERS.
Shots for this period are 18 for ANCHORAGE ACES vs 5 for SAN FRANCISCO SPIDERS.

2nd period


0:01 of 2nd period - Connor McDavid wins face-off versus Jared McCann in neutral zone.
0:26 of 2nd period - Shot by Andrei Svechnikov.
0:26 of 2nd period - Shot Misses the Net.
0:28 of 2nd period - Shot by Andrei Svechnikov.
0:28 of 2nd period - Shot Misses the Net.
1:01 of 2nd period - Viktor Arvidsson is hit by Ben Chiarot and loses puck.
1:20 of 2nd period - Shot by Jonathan Audy-Marchessault.
1:20 of 2nd period - Deflect By Joshua Norris.
1:20 of 2nd period - Shot Blocked by Zach Hyman.
1:22 of 2nd period - Shot by Jonathan Audy-Marchessault.
1:22 of 2nd period - Deflect By Joshua Norris.
1:22 of 2nd period - Goal by Joshua Norris - ANCHORAGE ACES : 2 - SAN FRANCISCO SPIDERS : 1.
1:23 of 2nd period - Phillip Danault wins face-off versus Connor McMichael in neutral zone.
1:47 of 2nd period - Shot by Phillip Danault.
1:47 of 2nd period - Shot Blocked by Michael Anderson.
1:49 of 2nd period - Shot by Seth Jones.
1:49 of 2nd period - Shot Misses the Net.
2:28 of 2nd period - Icing by Andrei Svechnikov.
2:29 of 2nd period - Connor McDavid wins face-off versus Jared McCann in SAN FRANCISCO SPIDERS zone.
2:29 of 2nd period - Nathan MacKinnon is hit by Brenden Dillon and loses puck.
2:41 of 2nd period - Icing by Brenden Dillon.
2:42 of 2nd period - Joshua Norris wins face-off versus Trevor Moore in SAN FRANCISCO SPIDERS zone.
2:42 of 2nd period - Joshua Norris is hit by Brenden Dillon.
2:49 of 2nd period - Jonathan Audy-Marchessault is hit by Brenden Dillon and loses puck.
3:04 of 2nd period - Shot by Joshua Norris.
3:04 of 2nd period - Stopped by Igor Shesterkin without a rebound.
3:05 of 2nd period - Connor McDavid wins face-off versus Zach Hyman in SAN FRANCISCO SPIDERS zone.
3:05 of 2nd period - Connor McDavid is hit by Adam Larsson.
3:07 of 2nd period - Shot by Nathan MacKinnon.
3:07 of 2nd period - Stopped by Igor Shesterkin without a rebound.
3:08 of 2nd period - Connor McDavid wins face-off versus Zach Hyman in SAN FRANCISCO SPIDERS zone.
3:21 of 2nd period - Shot by Viktor Arvidsson.
3:21 of 2nd period - Goal by Viktor Arvidsson - ANCHORAGE ACES : 2 - SAN FRANCISCO SPIDERS : 2.
3:22 of 2nd period - Jared McCann wins face-off versus Joshua Norris in neutral zone.
3:28 of 2nd period - Icing by Seth Jones.
3:29 of 2nd period - Zach Hyman wins face-off versus Joshua Norris in ANCHORAGE ACES zone.
3:37 of 2nd period - Alexander Kerfoot is hit by Ben Chiarot and loses puck.
3:44 of 2nd period - Shot by Zach Hyman.
3:44 of 2nd period - Shot Blocked by Chris Kreider.
3:46 of 2nd period - Shot by Zach Hyman.
3:46 of 2nd period - Stopped by Darcy Kuemper without a rebound.
3:47 of 2nd period - Nathan MacKinnon wins face-off versus Andrei Svechnikov in ANCHORAGE ACES zone.
3:52 of 2nd period - Shot by Nikolaj Ehlers.
3:52 of 2nd period - Stopped by Igor Shesterkin without a rebound.
3:53 of 2nd period - Zach Hyman wins face-off versus Connor McDavid in SAN FRANCISCO SPIDERS zone.
4:10 of 2nd period - Shot by Nikolaj Ehlers.
4:10 of 2nd period - Stopped by Igor Shesterkin without a rebound.
4:11 of 2nd period - Joshua Norris wins face-off versus Jared McCann in SAN FRANCISCO SPIDERS zone.
4:20 of 2nd period - Shot by Jonathan Audy-Marchessault.
4:20 of 2nd period - Goal by Jonathan Audy-Marchessault - ANCHORAGE ACES : 3 - SAN FRANCISCO SPIDERS : 2.
4:21 of 2nd period - Zach Hyman wins face-off versus Connor McDavid in neutral zone.
4:25 of 2nd period - Alexander Kerfoot is hit by Jani Hakanpaa and loses puck.
4:34 of 2nd period - Shot by Viktor Arvidsson.
4:34 of 2nd period - Shot Blocked by Nikolaj Ehlers.
4:36 of 2nd period - Shot by Viktor Arvidsson.
4:36 of 2nd period - Shot Blocked by Jakob Chychrun.
4:50 of 2nd period - Viktor Arvidsson is hit by Jani Hakanpaa and loses puck.
4:55 of 2nd period - Shot by Alexander Kerfoot.
4:55 of 2nd period - Shot Hit the Post.
4:59 of 2nd period - Shot by Viktor Arvidsson.
4:59 of 2nd period - Stopped by Darcy Kuemper without a rebound.
5:00 of 2nd period - Jared McCann wins face-off versus Joshua Norris in ANCHORAGE ACES zone.
5:27 of 2nd period - Shot by Chris Kreider.
5:27 of 2nd period - Shot Misses the Net.
5:29 of 2nd period - Shot by Jonathan Audy-Marchessault.
5:29 of 2nd period - Stopped by Igor Shesterkin without a rebound.
5:30 of 2nd period - Phillip Danault wins face-off versus Connor McMichael in SAN FRANCISCO SPIDERS zone.
6:00 of 2nd period - Shot by Conor Sheary.
6:00 of 2nd period - Shot Misses the Net.
6:25 of 2nd period - Icing by Michael Anderson.
6:26 of 2nd period - Connor McMichael wins face-off versus Connor McDavid in SAN FRANCISCO SPIDERS zone.
6:26 of 2nd period - Connor McMichael is hit by Nathan MacKinnon.
7:23 of 2nd period - Icing by Adam Larsson.
7:24 of 2nd period - Jared McCann wins face-off versus Joshua Norris in SAN FRANCISCO SPIDERS zone.
7:49 of 2nd period - Shot by Chris Kreider.
7:49 of 2nd period - Deflect By Joshua Norris.
7:49 of 2nd period - Shot Misses the Net.
7:51 of 2nd period - Shot by Jonathan Audy-Marchessault.
7:51 of 2nd period - Stopped by Igor Shesterkin without a rebound.
7:52 of 2nd period - Dominik Simon wins face-off versus Zach Hyman in SAN FRANCISCO SPIDERS zone.
8:11 of 2nd period - Shot by Alexander Kerfoot.
8:11 of 2nd period - Stopped by Darcy Kuemper with a rebound.
8:13 of 2nd period - Shot by Zach Hyman.
8:13 of 2nd period - Shot Blocked by Robert Bortuzzo.
8:51 of 2nd period - Icing by Sean Walker.
8:52 of 2nd period - Connor McDavid wins face-off versus Connor McMichael in SAN FRANCISCO SPIDERS zone.
9:12 of 2nd period - Michael Anderson is hit by Connor McDavid and loses puck.
9:17 of 2nd period - Shot by Nathan MacKinnon.
9:17 of 2nd period - Shot Misses the Net.
9:19 of 2nd period - Shot by Nathan MacKinnon.
9:19 of 2nd period - Stopped by Igor Shesterkin without a rebound.
9:20 of 2nd period - Joshua Norris wins face-off versus Jared McCann in SAN FRANCISCO SPIDERS zone.
9:27 of 2nd period - Shot by Jonathan Audy-Marchessault.
9:27 of 2nd period - Stopped by Igor Shesterkin with a rebound.
9:43 of 2nd period - Shot by Trevor Moore.
9:43 of 2nd period - Stopped by Darcy Kuemper with a rebound.
9:45 of 2nd period - Shot by Trevor Moore.
9:45 of 2nd period - Deflect By Andrei Svechnikov.
9:45 of 2nd period - Stopped by Darcy Kuemper without a rebound.
9:46 of 2nd period - Zach Hyman wins face-off versus Connor McDavid in ANCHORAGE ACES zone.
9:52 of 2nd period - Icing by Nathan MacKinnon.
9:53 of 2nd period - Connor McDavid wins face-off versus Zach Hyman in ANCHORAGE ACES zone.
9:55 of 2nd period - Icing by Nikolaj Ehlers.
9:56 of 2nd period - Nathan MacKinnon wins face-off versus Viktor Arvidsson in ANCHORAGE ACES zone.
9:56 of 2nd period - Nikolaj Ehlers is hit by Zach Hyman and loses puck.
10:16 of 2nd period - Shot by Nikolaj Ehlers.
10:16 of 2nd period - Stopped by Igor Shesterkin without a rebound.
10:17 of 2nd period - Jared McCann wins face-off versus Joshua Norris in SAN FRANCISCO SPIDERS zone.
10:25 of 2nd period - Jared McCann is hit by Ben Chiarot and loses puck.
10:38 of 2nd period - Shot by Jared McCann.
10:38 of 2nd period - Shot Blocked by Ben Chiarot.
11:32 of 2nd period - Icing by Erik Gudbranson.
11:33 of 2nd period - Connor McDavid wins face-off versus Zach Hyman in SAN FRANCISCO SPIDERS zone.
11:47 of 2nd period - Icing by Erik Gudbranson.
11:48 of 2nd period - Phillip Danault wins face-off versus Zach Hyman in SAN FRANCISCO SPIDERS zone.
12:22 of 2nd period - Shot by Jared McCann.
12:22 of 2nd period - Stopped by Darcy Kuemper without a rebound.
12:23 of 2nd period - Connor McDavid wins face-off versus Jared McCann in ANCHORAGE ACES zone.
12:31 of 2nd period - Off-side.
12:32 of 2nd period - Trevor Moore wins face-off versus Connor McDavid in neutral zone.
12:57 of 2nd period - Shot by Andrei Svechnikov.
12:57 of 2nd period - Deflect By Jared McCann.
12:57 of 2nd period - Shot Misses the Net.
13:08 of 2nd period - Icing by Jakob Chychrun.
13:09 of 2nd period - Connor McDavid wins face-off versus Zach Hyman in ANCHORAGE ACES zone.
13:14 of 2nd period - Shot by Connor McDavid.
13:14 of 2nd period - Stopped by Igor Shesterkin with a rebound.
13:32 of 2nd period - Shot by Viktor Arvidsson.
13:32 of 2nd period - Deflect By Zach Hyman.
13:32 of 2nd period - Stopped by Darcy Kuemper without a rebound.
13:33 of 2nd period - Joshua Norris wins face-off versus Trent Frederic in ANCHORAGE ACES zone.
13:46 of 2nd period - Shot by Chris Kreider.
13:46 of 2nd period - Shot Blocked by Brenden Dillon.
13:54 of 2nd period - Shot by Jared McCann.
13:54 of 2nd period - Shot Misses the Net.
13:56 of 2nd period - Shot by Erik Gudbranson.
13:56 of 2nd period - Stopped by Darcy Kuemper without a rebound.
13:57 of 2nd period - Trevor Moore wins face-off versus Phillip Danault in ANCHORAGE ACES zone.
14:59 of 2nd period - Shot by Joshua Norris.
14:59 of 2nd period - Stopped by Igor Shesterkin without a rebound.
15:00 of 2nd period - Connor McMichael wins face-off versus Connor McDavid in SAN FRANCISCO SPIDERS zone.
16:26 of 2nd period - Shot by Jonathan Audy-Marchessault.
16:26 of 2nd period - Shot Misses the Net.
19:03 of 2nd period - Icing by Michael Anderson.
19:04 of 2nd period - Chris Kreider wins face-off versus Connor McMichael in SAN FRANCISCO SPIDERS zone.
19:13 of 2nd period - Shot by Jonathan Audy-Marchessault.
19:13 of 2nd period - Shot Blocked by Michael Anderson.
19:15 of 2nd period - Shot by Chris Kreider.
19:15 of 2nd period - Goal by Chris Kreider - ANCHORAGE ACES : 4 - SAN FRANCISCO SPIDERS : 2.
19:16 of 2nd period - Zach Hyman wins face-off versus Connor McDavid in neutral zone.
19:19 of 2nd period - Shot by Alexander Kerfoot.
19:19 of 2nd period - Shot Misses the Net.
19:43 of 2nd period - Shot by Connor McDavid.
19:43 of 2nd period - Stopped by Igor Shesterkin with a rebound.
19:45 of 2nd period - Shot by Jakob Chychrun.
19:45 of 2nd period - Shot Misses the Net.
19:47 of 2nd period - Shot by Nikolaj Ehlers.
19:47 of 2nd period - Shot Misses the Net.
19:49 of 2nd period - Shot by Nathan MacKinnon.
19:49 of 2nd period - Shot Blocked by Brenden Dillon.
Goals for this period are 3 for ANCHORAGE ACES vs 1 for SAN FRANCISCO SPIDERS.
Shots for this period are 15 for ANCHORAGE ACES vs 9 for SAN FRANCISCO SPIDERS.

3rd period


0:01 of 3rd period - Jared McCann wins face-off versus Joshua Norris in neutral zone.
0:16 of 3rd period - Shot by Trevor Moore.
0:16 of 3rd period - Stopped by Darcy Kuemper with a rebound.
0:38 of 3rd period - Icing by Chris Kreider.
0:39 of 3rd period - Joshua Norris wins face-off versus Zach Hyman in ANCHORAGE ACES zone.
0:50 of 3rd period - Icing by Viktor Arvidsson.
0:51 of 3rd period - Phillip Danault wins face-off versus Viktor Arvidsson in SAN FRANCISCO SPIDERS zone.
1:15 of 3rd period - Shot by Phillip Danault.
1:15 of 3rd period - Shot Misses the Net.
1:52 of 3rd period - Icing by Brenden Dillon.
1:53 of 3rd period - Connor McDavid wins face-off versus Jared McCann in SAN FRANCISCO SPIDERS zone.
1:54 of 3rd period - Shot by Nathan MacKinnon.
1:54 of 3rd period - Stopped by Igor Shesterkin without a rebound.
1:55 of 3rd period - Joshua Norris wins face-off versus Jared McCann in SAN FRANCISCO SPIDERS zone.
1:55 of 3rd period - Joshua Norris is hit by Brenden Dillon.
2:08 of 3rd period - Joshua Norris is hit by Brenden Dillon and loses puck.
2:13 of 3rd period - Shot by Joshua Norris.
2:13 of 3rd period - Shot Misses the Net.
2:18 of 3rd period - Icing by Andrei Svechnikov.
2:19 of 3rd period - Connor McDavid wins face-off versus Jared McCann in SAN FRANCISCO SPIDERS zone.
2:22 of 3rd period - Shot by Nathan MacKinnon.
2:22 of 3rd period - Shot Blocked by Andrei Svechnikov.
2:27 of 3rd period - Nathan MacKinnon is hit by Brenden Dillon and loses puck.
2:38 of 3rd period - Shot by Nathan MacKinnon.
2:38 of 3rd period - Shot Misses the Net.
2:40 of 3rd period - Shot by Nikolaj Ehlers.
2:40 of 3rd period - Deflect By Connor McDavid.
2:40 of 3rd period - Stopped by Igor Shesterkin without a rebound.
2:41 of 3rd period - Chris Kreider wins face-off versus Zach Hyman in SAN FRANCISCO SPIDERS zone.
3:02 of 3rd period - Shot by Zach Hyman.
3:02 of 3rd period - Shot Hit the Post.
3:49 of 3rd period - Zach Hyman is hit by Connor McDavid and loses puck.
4:00 of 3rd period - Shot by Nikolaj Ehlers.
4:00 of 3rd period - Stopped by Igor Shesterkin without a rebound.
4:01 of 3rd period - Jared McCann wins face-off versus Phillip Danault in SAN FRANCISCO SPIDERS zone.
4:09 of 3rd period - Shot by Trevor Moore.
4:09 of 3rd period - Stopped by Darcy Kuemper without a rebound.
4:10 of 3rd period - Connor McDavid wins face-off versus Jared McCann in ANCHORAGE ACES zone.
4:34 of 3rd period - Shot by Nathan MacKinnon.
4:34 of 3rd period - Stopped by Igor Shesterkin without a rebound.
4:35 of 3rd period - Phillip Danault wins face-off versus Connor McMichael in SAN FRANCISCO SPIDERS zone.
4:48 of 3rd period - Shot by Phillip Danault.
4:48 of 3rd period - Shot Misses the Net.
4:54 of 3rd period - Shot by Eeli Tolvanen.
4:54 of 3rd period - Stopped by Darcy Kuemper without a rebound.
4:55 of 3rd period - Connor McDavid wins face-off versus Kirby Dach in ANCHORAGE ACES zone.
5:25 of 3rd period - Connor McDavid is hit by Brenden Dillon and loses puck.
5:54 of 3rd period - Joshua Norris is hit by Brenden Dillon and loses puck.
6:02 of 3rd period - Jonathan Audy-Marchessault is hit by Erik Gudbranson and loses puck.
6:07 of 3rd period - Shot by Joshua Norris.
6:07 of 3rd period - Stopped by Igor Shesterkin without a rebound.
6:08 of 3rd period - Alexander Kerfoot wins face-off versus Phillip Danault in SAN FRANCISCO SPIDERS zone.
6:19 of 3rd period - Shot by Trevor Moore.
6:19 of 3rd period - Stopped by Darcy Kuemper with a rebound.
7:43 of 3rd period - Nikolaj Ehlers is hit by Michael Anderson and loses puck.
7:51 of 3rd period - Connor McDavid is hit by Michael Anderson and loses puck.
7:54 of 3rd period - Shot by Nikolaj Ehlers.
7:54 of 3rd period - Shot Hit the Post.
8:59 of 3rd period - Shot by Jonathan Audy-Marchessault.
8:59 of 3rd period - Stopped by Igor Shesterkin without a rebound.
9:00 of 3rd period - Jared McCann wins face-off versus Casey Cizikas in SAN FRANCISCO SPIDERS zone.
9:14 of 3rd period - Icing by Ben Chiarot.
9:15 of 3rd period - Jared McCann wins face-off versus Casey Cizikas in ANCHORAGE ACES zone.
9:18 of 3rd period - Shot by Kirby Dach.
9:18 of 3rd period - Shot Blocked by Ben Chiarot.
9:56 of 3rd period - Shot by Jared McCann.
9:56 of 3rd period - Stopped by Darcy Kuemper with a rebound.
10:13 of 3rd period - Shot by Trevor Moore.
10:13 of 3rd period - Shot Misses the Net.
10:19 of 3rd period - Shot by Andrei Svechnikov.
10:19 of 3rd period - Shot Blocked by Jani Hakanpaa.
11:13 of 3rd period - Shot by Connor McMichael.
11:13 of 3rd period - Stopped by Darcy Kuemper with a rebound.
11:16 of 3rd period - Icing by Ryan Pulock.
11:17 of 3rd period - Connor McDavid wins face-off versus Trent Frederic in ANCHORAGE ACES zone.
11:17 of 3rd period - Connor McDavid is hit by Trent Frederic.
11:25 of 3rd period - Sean Durzi is hit by Nikolaj Ehlers and loses puck.
11:38 of 3rd period - Shot by Nikolaj Ehlers.
11:38 of 3rd period - Stopped by Igor Shesterkin without a rebound.
11:39 of 3rd period - Jared McCann wins face-off versus Phillip Danault in SAN FRANCISCO SPIDERS zone.
12:02 of 3rd period - Shot by Phillip Danault.
12:02 of 3rd period - Stopped by Igor Shesterkin without a rebound.
12:03 of 3rd period - Zach Hyman wins face-off versus Connor McDavid in SAN FRANCISCO SPIDERS zone.
12:22 of 3rd period - Shot by Zach Hyman.
12:22 of 3rd period - Shot Misses the Net.
13:23 of 3rd period - Shot by Andrei Svechnikov.
13:23 of 3rd period - Shot Blocked by Jakob Chychrun.
13:25 of 3rd period - Shot by Jared McCann.
13:25 of 3rd period - Stopped by Darcy Kuemper with a rebound.
13:35 of 3rd period - Shot by Andrei Svechnikov.
13:35 of 3rd period - Shot Misses the Net.
14:09 of 3rd period - Shot by Erik Haula.
14:09 of 3rd period - Stopped by Igor Shesterkin without a rebound.
14:10 of 3rd period - Jared McCann wins face-off versus Phillip Danault in SAN FRANCISCO SPIDERS zone.
14:26 of 3rd period - Shot by Sean Durzi.
14:26 of 3rd period - Stopped by Darcy Kuemper with a rebound.
14:32 of 3rd period - Shot by Jared McCann.
14:32 of 3rd period - Shot Blocked by Phillip Danault.
14:42 of 3rd period - Shot by Kirby Dach.
14:42 of 3rd period - Shot Misses the Net.
14:44 of 3rd period - Shot by Trent Frederic.
14:44 of 3rd period - Stopped by Darcy Kuemper without a rebound.
14:45 of 3rd period - Zach Hyman wins face-off versus Connor McDavid in ANCHORAGE ACES zone.
15:04 of 3rd period - Shot by Viktor Arvidsson.
15:04 of 3rd period - Shot Misses the Net.
15:12 of 3rd period - Shot by Zach Hyman.
15:12 of 3rd period - Shot Blocked by Jakob Chychrun.
15:16 of 3rd period - Shot by Zach Hyman.
15:16 of 3rd period - Stopped by Darcy Kuemper with a rebound.
15:18 of 3rd period - Shot by Zach Hyman.
15:18 of 3rd period - Stopped by Darcy Kuemper without a rebound.
15:19 of 3rd period - Joshua Norris wins face-off versus Kirby Dach in ANCHORAGE ACES zone.
15:23 of 3rd period - Chris Kreider is hit by Andrei Svechnikov and loses puck.
15:54 of 3rd period - Shot by Andrei Svechnikov.
15:54 of 3rd period - Shot Misses the Net.
15:56 of 3rd period - Shot by Andrei Svechnikov.
15:56 of 3rd period - Stopped by Darcy Kuemper without a rebound.
15:57 of 3rd period - Zach Hyman wins face-off versus Casey Cizikas in ANCHORAGE ACES zone.
16:02 of 3rd period - Shot by Zach Hyman.
16:02 of 3rd period - Stopped by Darcy Kuemper without a rebound.
16:03 of 3rd period - Zach Hyman wins face-off versus Connor McDavid in ANCHORAGE ACES zone.
16:14 of 3rd period - Icing by Ryan Pulock.
16:15 of 3rd period - Connor McDavid wins face-off versus Jared McCann in ANCHORAGE ACES zone.
17:01 of 3rd period - Icing by Adam Larsson.
17:02 of 3rd period - Casey Cizikas wins face-off versus Kirby Dach in SAN FRANCISCO SPIDERS zone.
17:37 of 3rd period - Icing by Alexander Kerfoot.
17:38 of 3rd period - Phillip Danault wins face-off versus Zach Hyman in SAN FRANCISCO SPIDERS zone.
18:16 of 3rd period - Shot by Seth Jones.
18:16 of 3rd period - Stopped by Igor Shesterkin without a rebound.
18:17 of 3rd period - Joshua Norris wins face-off versus Jared McCann in SAN FRANCISCO SPIDERS zone.
18:20 of 3rd period - Shot by Jonathan Audy-Marchessault.
18:20 of 3rd period - Stopped by Igor Shesterkin without a rebound.
18:21 of 3rd period - Jared McCann wins face-off versus Joshua Norris in SAN FRANCISCO SPIDERS zone.
18:54 of 3rd period - Shot by Joshua Norris.
18:54 of 3rd period - Shot Blocked by Sean Durzi.
19:22 of 3rd period - Shot by Viktor Arvidsson.
19:22 of 3rd period - Shot Misses the Net.
19:34 of 3rd period - Shot by Zach Hyman.
19:34 of 3rd period - Stopped by Darcy Kuemper without a rebound.
19:35 of 3rd period - Connor McMichael wins face-off versus Connor McDavid in ANCHORAGE ACES zone.
Goals for this period are 0 for ANCHORAGE ACES vs 0 for SAN FRANCISCO SPIDERS.
Shots for this period are 11 for ANCHORAGE ACES vs 14 for SAN FRANCISCO SPIDERS.


SEBASTIAN
AHO
MARK
SCHEIFELE
JAKE
OETTINGER

EAST COAST

HOCKEY LEAGUE

  • 17.QUE3CHI2
  • 18.CHA2LIM4
  • 19.TRV3LON2
  • 20.CHW1BAL2
  • 21.PITMAN
  • 22.ATLNHW
  • 23.WORPET
  • 24.RHI